 Dungeon Crawl Stone Soup version 0.32-a0-30-gefbe487952 (webtiles) character file.

Game seed: 18122352729732558123

238 Malachi the Digger (level 5, -2/38 HPs)
             Began as a Demigod Earth Elementalist on Jan 19, 2024.
             Slain by an ogre
             ... wielding a +0 giant spiked club
              (25 damage)
             ... on level 4 of the Dungeon.
             The game lasted 00:04:59 (3025 turns).

Malachi the Digger (Demigod Earth Elementalist)     Turns: 3025, Time: 00:04:59

Health: -2/38      AC:  3    Str: 12    XL:     5   Next: 48%
Magic:  0/12       EV: 12    Int: 27    God:
Gold:   57         SH:  0    Dex: 14    Spells: 6/10 levels left

rFire   . . .        v - +2 halberd (venom)
rCold   + . .        (shield currently unavailable)
rNeg    + . .        a - +0 robe
rPois   .            (no helmet)
rElec   .            (no cloak)
rCorr   .            u - +0 pair of gloves {Stlth+}
SInv    .            (no boots)
Will    .....        (no amulet)
Stlth   +++          i - ring "Aplear" {^Drain rC+ rN+ Str+3 Int+6}
HPRegen 0.26/turn    (no ring)
MPRegen 0.13/turn

%: no passive effects
@: no status effects
A: high MP 1, forlorn, divine attributes
a: no special abilities


You were on level 4 of the Dungeon.
You visited 1 branch of the dungeon, and saw 4 of its levels.

You collected 57 gold pieces.

Inventory:

Hand Weapons
 v - a +2 halberd of venom (weapon)
Armour
 a - a +0 robe (worn)
 u - a +0 pair of gloves of stealth (worn)
Magical Staves
 f - a staff of fire
Jewellery
 i - the ring "Aplear" (left hand) {^Drain rC+ rN+ Str+3 Int+6}
   (You found it on level 2 of the Dungeon)

   [ring of intelligence]

   Str+3:     It affects your strength (+3).
   Int+6:     It affects your intelligence (+6).
   rC+:       It protects you from cold.
   rN+:       It protects you from negative energy.
   ^Drain:    It drains your maximum health when unequipped.
 p - a +6 ring of strength
 r - a ring of fire
Wands
 o - a wand of light (3)
Scrolls
 g - a scroll of immolation
 n - 2 scrolls of poison
Potions
 b - a potion of magic
 c - a potion of enlightenment {unknown}
 e - a potion of heal wounds {unknown}
 k - a potion of invisibility {unknown}
 l - 3 potions of curing {unknown}
 s - a potion of brilliance {unknown}


   Skills:
 - Level 2.0 Dodging
 - Level 2.0 Stealth
 + Level 3.2 Spellcasting
 + Level 2.9 Conjurations
 + Level 4.0 Earth Magic


You had 6 spell levels left.
You knew the following spells:

 Your Spells              Type           Power      Damage    Failure   Level
a - Sandblast             Erth           52%        2d12      1%          1
b - Stone Arrow           Conj/Erth      46%        3d9       6%          3

Your spell library contained the following spells:

 Spells                   Type           Power      Damage    Failure   Level
 Passwall                 Erth           26%        N/A       4%          3
 Slow                     Hex            16%        N/A       9%          1
 Brom's Barrelling Bould  Conj/Erth      23%        2d4       21%         4
 Confusing Touch          Hex            4%         N/A       26%         3
 Sigil of Binding         Hex            4%         N/A       26%         3
 Vampiric Draining        Necr           4%         2d6       26%         3
 Petrify                  Alch/Erth      15%        N/A       36%         4


Dungeon Overview and Level Annotations

Branches:
Dungeon (4/15)
 Temple: D:4-7

Shops:
D:3 [:=:


Innate Abilities, Weirdness & Mutations

You have an increased reservoir of magic. (+10% MP)
You shall have no god before yourself.
Your divine heritage dramatically boosts your attributes as you level up.


Message History

Confirm with . or Enter, or press ? or * to list all spells.
Aiming: Stone Arrow (dangerous; 6% risk of failure)
Press: ? - help, Shift-Dir - straight line, f - ogre
Aim: an ogre, wielding a +0 giant spiked club (asleep, 100% to hit)
The stone arrow hits the ogre!
The ogre is heavily wounded.
The ogre shouts!
Unknown command.
Casting: Stone Arrow (dangerous; 6% risk of failure)
Confirm with . or Enter, or press ? or * to list all spells.
Aiming: Stone Arrow (dangerous; 6% risk of failure)
Press: ? - help, Shift-Dir - straight line, f/p - ogre
Aim: an ogre, wielding a +0 giant spiked club (heavily wounded, 86% to hit)
The stone arrow hits the ogre.
The ogre is heavily wounded.
Unknown command.
Casting: Stone Arrow (dangerous; 6% risk of failure)
Confirm with . or Enter, or press ? or * to list all spells.
Aiming: Stone Arrow (dangerous; 6% risk of failure)
Press: ? - help, Shift-Dir - straight line, f/p - ogre
Aim: an ogre, wielding a +0 giant spiked club (heavily wounded, 86% to hit)
The stone arrow hits the ogre!
The ogre is almost dead.
Unknown command.
Casting: Stone Arrow (dangerous; 6% risk of failure)
Confirm with . or Enter, or press ? or * to list all spells.
Aiming: Stone Arrow (dangerous; 6% risk of failure)
Press: ? - help, Shift-Dir - straight line, f/p - ogre
Aim: an ogre, wielding a +0 giant spiked club (almost dead, 86% to hit)
The stone arrow misses the ogre.
The ogre hits you with a +0 giant spiked club!
Unknown command.
You don't have enough magic to cast this spell.
Unknown command.
Unknown command.
You barely miss the ogre.
The ogre is almost dead.
The ogre hits you with a +0 giant spiked club!!
Ouch! That really hurt!
You die...

#.# #####.#
#...#.#######
#...<........
#...#.#######
##.##.#
#.##.# #.##.#
##.###@##.#
#....O.##.#
#.....####.#
.......
##....<
##...# ##.#
#. ..


You could see an ogre.

Vanquished Creatures
  A bombardier beetle (D:3)
  Natasha (thrice) (D:3)
  6 gnolls
  2 adders
  2 dart slugs
  3 endoplasms
  A giant cockroach (D:1)
  4 goblins
  6 hobgoblins
  6 jackals
  6 quokkas
  3 ball pythons
  8 bats
  3 frilled lizards
  A kobold (D:1)
  3 rats
58 creatures vanquished.

Notes
Turn   | Place    | Note
-------+----------+-------------------------------------------
     0 | D:1      | Malachi the Demigod Earth Elementalist began the quest for
                  | the Orb.
     0 | D:1      | Reached XP level 1. HP: 14/14 MP: 5/5
    32 | D:1      | Reached skill level 1 in Conjurations
   182 | D:1      | Reached XP level 2. HP: 20/20 MP: 5/7
   374 | D:1      | Reached skill level 3 in Earth Magic
   677 | D:2      | Reached XP level 3. HP: 26/26 MP: 7/9
   704 | D:2      | Identified the ring "Aplear" {^Drain rC+ rN+ Str+3 Int+6}
  1634 | D:2      | Reached XP level 4. HP: 16/33 MP: 3/10
  2325 | D:3      | Noticed Natasha
  2328 | D:3      | Killed Natasha
  2415 | D:3      | Noticed Natasha
  2422 | D:3      | Killed Natasha
  2629 | D:3      | Noticed Natasha
  2634 | D:3      | Killed Natasha
  2635 | D:3      | Reached XP level 5. HP: 38/38 MP: 9/12
  2649 | D:3      | Found Zesat's Book Shoppe.
  2653 | D:3      | Found Luebimant's Jewellery Shop.
  2737 | D:3      | Found Quineary's Armour Emporium.
  2809 | D:3      | Found Rofrilee's Book Boutique.
  2825 | D:3      | Reached skill level 4 in Earth Magic
  3012 | D:4      | Noticed an ogre
  3020 | D:4      | Learned a level 3 spell: Stone Arrow
  3025 | D:4      | Slain by an ogre

Illustrated notes

Levels and vault maps discovered:
D:1:      spicycebolla_green_bress_n_ham_2, layout_rooms
D:2:      wander_river, layout_basic, ebering_ecumenical_altar_rust
D:3:      layout_rooms, nicolae_uskayaw_dance_hall,
          gammafunk_temple_overflow_elements, serial_shops,
          nicolae_shop_behind_doors, shop_fountains, shop, shop, uniq_natasha
D:4:      layout_loops_ring, minmay_temple_entry_slanted

Skill      XL: |  1  2  3  4  5 |
---------------+----------------+-----
Conjurations   | 1 2 |  2.9
Stealth        | 2 |  2.0
Dodging        | 2 |  2.0
Spellcasting   | 2 3 |  3.2
Earth Magic    | 3 4 |  4.0

Action                     |  1- 3 |  4- 6 || total
---------------------------+-------+-------++-------
  Melee: Short sword       |    27 |       ||    27
         Unarmed           |     2 |       ||     2
         Halberd           |       |     1 ||     1
   Cast: Sandblast         |    40 |    33 ||    73
         Stone Arrow       |       |     4 ||     4
    Use: Scroll            |       |     6 ||     6
   Stab: Sleeping          |     2 |       ||     2
 Armour: Robe              |    25 |    12 ||    37
  Dodge: Dodged            |    37 |     8 ||    45

Table legend: (Time is in decaauts)
 A = Elapsed time spent in this place.
 B = Non-inter-level travel time spent in this place.
 C = Inter-level travel time spent in this place.
 D = Time resting spent in this place.
 E = Time spent auto-exploring this place.
 F = Levels seen in this place.
 G = Mean time per level.
                   A        B        C        D        E       F      G
               +--------+--------+--------+--------+--------+-----+--------+
         Total |   3072 |   2923 |    149 |    649 |   1856 |   4 |  768.0 |
       Dungeon |   3072 |   2923 |    149 |    649 |   1856 |   4 |  768.0 |
               +--------+--------+--------+--------+--------+-----+--------+

Top non-repeatable levels by time:
     D:2: 1616 daAuts
     D:3: 754 daAuts
     D:1: 679 daAuts
     D:4: 21 daAuts
